Devils vs Senateurs
Created - November 6, 2020 at 19:11
Goals
|
Devils |
2 |
1 |
1 |
0 |
2 |
5 |
Senateurs |
2 |
0 |
2 |
0 |
0 |
4 |
|
Shots
|
Devils |
12 |
16 |
9 |
1 |
2 |
38 |
Senateurs |
11 |
7 |
13 |
2 |
2 |
33 |
|
1st period
1. Devils , Kristopher Letang 3 (Tyler Ennis 5, Marian Gaborik 7) at 4:08 (PP)
2. Senateurs , Marek Svatos 1 (Evgeni Malkin 3, Dion Phaneuf 4) at 6:06 (PP)
3. Devils , Tyler Ennis 5 (Marian Gaborik 8, Nazem Kadri 9) at 8:07 (PP)
4. Senateurs , Matt Moulson 1 (Duncan Keith 1) at 12:55
Penalties :
Colby Armstrong (Ott) for Hooking (Minor) at 3:52, Marian Gaborik (NJD) for Tripping (Minor) at 5:04, Stephane Da Costa (Ott) for High sticking (Minor) at 7:30, Thomas Hickey (NJD) for Slashing (Minor) at 8:49
2nd period
5. Devils , Brad Richards 3 (Patrick Kaleta 3, Martin Samuelsson 2) at 9:17
Penalties :
Marek Svatos (Ott) for Hooking (Minor) at 0:42, Cody Franson (Ott) for Interference (Minor) at 15:06
3rd period
6. Devils , Michael Del Zotto 1 (Tyler Ennis 6) at 10:58 (PP)
7. Senateurs , Denis Grebeshkov 1 (Sergei Kostitsyn 1, Duncan Keith 2) at 15:13
8. Senateurs , Phil Kessel 1 (Derek Boogaard 2, Sidney Crosby 5) at 19:00
Penalties :
Thomas Hickey (NJD) for Hooking (Minor) at 1:53, Duncan Keith (Ott) for Hooking (Minor) at 10:47
Overtime #1
No Goal
Penalties :
No Penalty
Shootout
Devils, Marian Gaborik - Goal!
Senateurs, Sidney Crosby - Stopped by Maxime Daigneault
Devils, Tyler Ennis - Goal!
Senateurs, Evgeni Malkin - Stopped by Maxime Daigneault
Penalties :
No Penalty
Goalie Stats
Maxime Daigneault (NJD), 29 saves from 33 shots - (0.879), W, 4-3-1, 65:00 minutes
Jaroslav Halak (Ott), 34 saves from 38 shots - (0.895), OTL, 1-4-3, 64:56 minutes
Players Stats for Devils
Player Name G A P +/- PIM S H SB GA TA FO MP PP MP PK MP
------------------------------------------------------------------------------------
Anton Stralman 0 0 0 1 0 2 1 0 1 2 0/0 28:37 2:20 3:00
Brad Richards 1 0 1 -1 0 2 1 0 1 0 6/13 17:40 2:08 0:37
Brad Richardson 0 0 0 0 0 3 0 0 0 0 0/0 7:05 0:00 0:00
Chris Stewart 0 0 0 0 0 3 2 0 1 0 1/1 15:43 2:08 0:00
Eric Tangradi 0 0 0 0 0 0 0 0 0 0 0/0 8:16 0:00 0:37
Jamie Arniel 0 0 0 -1 0 1 1 1 0 0 7/12 15:51 0:00 1:32
Josh Gorges 0 0 0 0 0 2 2 1 0 0 0/0 24:57 2:42 3:00
Kristopher Letang 1 0 1 1 0 3 1 0 0 0 0/0 25:29 2:20 0:00
Marian Gaborik 0 2 2 0 2 0 1 0 0 2 1/1 19:42 2:54 0:00
Martin Samuelsson 0 1 1 -1 0 0 1 0 0 0 0/2 15:18 0:00 2:51
Matt Donovan 0 0 0 -3 0 0 1 0 0 1 0/0 14:34 0:00 2:00
Michael Del Zotto 1 0 1 0 0 2 1 1 2 0 0/0 23:58 2:42 2:00
Nazem Kadri 0 1 1 0 0 4 2 0 1 0 18/40 21:45 2:54 0:00
Nick Bonino 0 0 0 0 0 0 1 0 0 0 3/4 7:05 0:00 0:00
Patrick Kaleta 0 1 1 -2 0 4 0 0 1 0 0/2 15:48 0:00 2:51
Thomas Hickey 0 0 0 -3 4 2 0 1 0 0 0/0 12:36 0:00 0:00
Tyler Ennis 1 2 3 0 0 5 2 0 1 0 0/1 21:44 2:54 0:00
Zach Parise 0 0 0 -1 0 5 0 0 1 1 1/1 18:49 2:08 1:32
Players Stats for Senateurs
Player Name G A P +/- PIM S H SB GA TA FO MP PP MP PK MP
------------------------------------------------------------------------------------
Arturs Kulda 0 0 0 0 0 0 0 0 0 0 0/0 15:03 0:00 1:21
Brian McGrattan 0 0 0 1 0 0 1 1 0 1 0/0 6:39 0:00 0:00
Cody Franson 0 0 0 1 2 2 0 0 1 1 0/0 30:14 3:23 2:15
Colby Armstrong 0 0 0 1 2 0 1 0 0 0 0/0 13:32 0:09 0:00
Denis Grebeshkov 1 0 1 1 0 2 0 0 0 0 0/0 19:58 1:37 1:26
Derek Boogaard 0 1 1 1 0 2 3 1 1 0 0/0 21:10 2:24 1:10
Dion Phaneuf 0 1 1 1 0 3 3 4 2 3 0/0 32:44 3:23 3:36
Duncan Keith 0 2 2 1 2 0 1 1 0 0 0/0 19:57 1:37 1:26
Evgeni Malkin 0 1 1 -1 0 1 2 1 0 1 9/12 23:22 2:30 3:36
Jamie Benn 0 0 0 -1 0 2 1 0 1 0 0/1 16:31 2:30 0:16
Marek Svatos 1 0 1 -1 2 3 0 0 0 0 0/0 16:49 2:30 0:00
Matt Moulson 1 0 1 1 0 2 2 0 0 0 1/1 6:39 0:00 0:00
Maxim Lapierre 0 0 0 1 0 3 2 0 1 0 4/12 13:14 0:03 0:00
Nate Prosser 0 0 0 0 0 0 0 1 0 1 0/0 12:18 0:00 0:00
Phil Kessel 1 0 1 1 0 4 0 1 0 1 0/4 21:17 2:27 1:10
Sergei Kostitsyn 0 1 1 1 0 5 1 0 0 1 0/0 12:56 0:00 0:16
Sidney Crosby 0 1 1 1 0 4 1 0 0 0 26/47 25:52 2:27 3:36
Stephane Da Costa 0 0 0 1 2 0 0 0 0 0 0/0 6:38 0:00 0:00
3 Stars
1 - Tyler Ennis (NJD)
2 - Kristopher Letang (NJD)
3 - Matt Moulson (Ott)
Power Play
Devils - 3 on 5 Attempt(s) - 60.00%
Senateurs - 1 on 3 Attempt(s) - 33.33%
Penalty Kill
Devils - 2 on 3 Attempt(s) - 66.67%
- Score 0 goal in Penalty Kill
Senateurs - 2 on 5 Attempt(s) - 40.00%
- Score 0 goal in Penalty Kill
Team Stat
Devils - Hits : 17 - Faceoff Wins : 37 - Blocked Shots : 4 - Penalty Minutes : 6
Senateurs - Hits : 18 - Faceoff Wins : 40 - Blocked Shots : 10 - Penalty Minutes : 10
Official
Referees : Unknown
Linesman : Unknown
Game Notes
No Game Note
Finance
Level 1 -- Attendance: 5562 (92.70%) -- Ticket Income $572,886
Level 2 -- Attendance: 3601 (72.02%) -- Ticket Income $244,868
Level 3 -- Attendance: 1659 (82.95%) -- Ticket Income $71,337
Level 4 -- Attendance: 3894 (97.35%) -- Ticket Income $109,032
Luxury Box -- Attendance: 1000 (100.00%) -- Ticket Income $180,000
Game was played at the Place Banque Scotia.
Total Attendance: 15716 (87.31%)
Total Ticket Income: $1,178,123
Other Income: $176,718
Total Income: $1,354,841
Devils
5 vs 5 Forward
Center Left Wing Right Wing Time % Phy DF OF
1 Nazem Kadri Tyler Ennis Marian Gaborik 36 0 2 3
2 Jamie Arniel Zach Parise Chris Stewart 32 0 2 3
3 Brad Richards Martin Samuelsson Patrick Kaleta 22 0 2 3
4 Nick Bonino Eric Tangradi Brad Richardson 10 0 2 3
5 vs 5 Defense
Defense Defense Time % Phy DF OF
1 Kristopher Letang Anton Stralman 40 0 3 2
2 Michael Del Zotto Josh Gorges 35 0 3 2
3 Thomas Hickey Matt Donovan 25 0 3 2
4 Kristopher Letang Anton Stralman 0 1 2 2
PowerPlay Forward
Center Left Wing Right Wing Time % Phy DF OF
1 Nazem Kadri Tyler Ennis Marian Gaborik 60 0 1 4
2 Brad Richards Zach Parise Chris Stewart 40 0 1 4
PowerPlay Defense
Defense Defense Time % Phy DF OF
1 Kristopher Letang Anton Stralman 60 0 1 4
2 Michael Del Zotto Josh Gorges 40 0 1 4
Penalty Kill 4 Players Forward
Center Wing Time % Phy DF OF
1 Martin Samuelsson Patrick Kaleta 60 1 3 1
2 Jamie Arniel Zach Parise 40 1 3 1
Penalty Kill 4 Players Defense
Defense Defense Time % Phy DF OF
1 Anton Stralman Josh Gorges 60 1 4 0
2 Michael Del Zotto Matt Donovan 40 1 4 0
Penalty Kill - 3 Players Forward
Forward Time % Phy DF OF
1 Zach Parise 60 1 3 1
2 Brad Richards 40 1 3 1
Penalty Kill - 3 Players Defense
Defense Defense Time % Phy DF OF
1 Kristopher Letang Anton Stralman 60 1 4 0
2 Michael Del Zotto Josh Gorges 40 1 4 0
4 vs 4 Forward
Center Wing Time % Phy DF OF
1 Nazem Kadri Tyler Ennis 60 0 2 3
2 Brad Richards Marian Gaborik 40 0 2 3
4 vs 4 Defense
Defense Defense Time % Phy DF OF
1 Kristopher Letang Anton Stralman 60 0 3 2
2 Michael Del Zotto Josh Gorges 40 0 3 2
Last Minutes Offensive
Center Left Wing Right Wing Defense Defense
Nazem Kadri Tyler Ennis Marian Gaborik Kristopher Letang Michael Del Zotto
Last Minutes Defensive
Center Left Wing Right Wing Defense Defense
Jamie Arniel Zach Parise Patrick Kaleta Josh Gorges Anton Stralman
Goaltenders
Starting : Maxime Daigneault
Backup : Thomas McCollum
Extra Forwards
Normal : Brad Richards, Patrick Kaleta, Martin Samuelsson - PP : Jamie Arniel, Patrick Kaleta - PK : Brad Richards
Extra Defensemen
Normal : Thomas Hickey, Matt Donovan, Michael Del Zotto - PP : Thomas Hickey - PK : Kristopher Letang, Thomas Hickey
Penalty Shots
Marian Gaborik, Tyler Ennis, Nazem Kadri, Chris Stewart, Zach Parise
Scratches
Mike Weber (Healthy)
Senateurs
5 vs 5 Forward
Center Left Wing Right Wing Time % Phy DF OF
1 Sidney Crosby Derek Boogaard Phil Kessel 40 1 2 2
2 Evgeni Malkin Jamie Benn Marek Svatos 30 1 2 2
3 Maxim Lapierre Sergei Kostitsyn Colby Armstrong 20 1 2 2
4 Stephane Da Costa Matt Moulson Brian McGrattan 10 1 2 2
5 vs 5 Defense
Defense Defense Time % Phy DF OF
1 Dion Phaneuf Cody Franson 40 1 2 2
2 Duncan Keith Denis Grebeshkov 30 1 2 2
3 Nate Prosser Arturs Kulda 20 1 2 2
4 Dion Phaneuf Cody Franson 10 1 2 2
PowerPlay Forward
Center Left Wing Right Wing Time % Phy DF OF
1 Sidney Crosby Derek Boogaard Phil Kessel 60 1 2 2
2 Evgeni Malkin Jamie Benn Marek Svatos 40 1 2 2
PowerPlay Defense
Defense Defense Time % Phy DF OF
1 Dion Phaneuf Cody Franson 60 1 2 2
2 Duncan Keith Denis Grebeshkov 40 1 2 2
Penalty Kill 4 Players Forward
Center Wing Time % Phy DF OF
1 Sidney Crosby Evgeni Malkin 60 1 2 2
2 Phil Kessel Derek Boogaard 40 1 2 2
Penalty Kill 4 Players Defense
Defense Defense Time % Phy DF OF
1 Dion Phaneuf Cody Franson 60 1 2 2
2 Duncan Keith Denis Grebeshkov 40 1 2 2
Penalty Kill - 3 Players Forward
Forward Time % Phy DF OF
1 Sidney Crosby 60 1 2 2
2 Evgeni Malkin 40 1 2 2
Penalty Kill - 3 Players Defense
Defense Defense Time % Phy DF OF
1 Dion Phaneuf Cody Franson 60 1 2 2
2 Duncan Keith Denis Grebeshkov 40 1 2 2
4 vs 4 Forward
Center Wing Time % Phy DF OF
1 Sidney Crosby Evgeni Malkin 60 1 2 2
2 Phil Kessel Derek Boogaard 40 1 2 2
4 vs 4 Defense
Defense Defense Time % Phy DF OF
1 Dion Phaneuf Cody Franson 60 1 2 2
2 Duncan Keith Denis Grebeshkov 40 1 2 2
Last Minutes Offensive
Center Left Wing Right Wing Defense Defense
Sidney Crosby Derek Boogaard Phil Kessel Dion Phaneuf Cody Franson
Last Minutes Defensive
Center Left Wing Right Wing Defense Defense
Sidney Crosby Derek Boogaard Phil Kessel Dion Phaneuf Cody Franson
Goaltenders
Starting : Jaroslav Halak
Backup : Jonas Hiller
Extra Forwards
Normal : Colby Armstrong, Maxim Lapierre, Sergei Kostitsyn - PP : Colby Armstrong, Maxim Lapierre - PK : Sergei Kostitsyn
Extra Defensemen
Normal : Nate Prosser, Arturs Kulda, Duncan Keith - PP : Nate Prosser - PK : Arturs Kulda, Duncan Keith
Penalty Shots
Sidney Crosby, Evgeni Malkin, Phil Kessel, Derek Boogaard, Marek Svatos
Scratches
None
% Time on Ice - Devils
Lines # - Real PCT - Wanted PCT - Time Play
Normal Forward
1 - 33% - 36% - 16:16
2 - 30% - 32% - 14:54
3 - 23% - 22% - 11:28
4 - 14% - 10% - 7:05
Normal Defense
1 - 41% - 40% - 20:31
2 - 35% - 35% - 17:18
3 - 24% - 25% - 11:54
4 - 0% - 0% - 0:00
PP Forward
1 - 58% - 60% - 2:54
2 - 42% - 40% - 2:08
PP Defense
1 - 46% - 60% - 2:20
2 - 54% - 40% - 2:42
PK Forward
1 - 69% - 60% - 3:28
2 - 31% - 40% - 1:32
PK Defense
1 - 60% - 60% - 3:00
2 - 40% - 40% - 2:00
PK3 Forward
1 - 0% - 60%
2 - 0% - 40%
PK3 Defense
1 - 0% - 60%
2 - 0% - 40%
44 Forward
1 - 87% - 60% - 4:22
2 - 13% - 40% - 0:38
44 Defense
1 - 55% - 60% - 2:46
2 - 45% - 40% - 2:14
Last Minute Offensive - 0:00
Last Minute Defensive - 0:15
Total
Forward - 65:00
Defense - 65:00
|
% Time on Ice - Senateurs
Lines # - Real PCT - Wanted PCT - Time Play
Normal Forward
1 - 34% - 40% - 17:03
2 - 28% - 30% - 13:45
3 - 25% - 20% - 12:20
4 - 13% - 10% - 6:39
Normal Defense
1 - 40% - 40% - 19:56
2 - 30% - 30% - 15:06
3 - 24% - 20% - 11:43
4 - 6% - 10% - 3:02
PP Forward
1 - 50% - 60% - 2:30
2 - 50% - 40% - 2:30
PP Defense
1 - 68% - 60% - 3:23
2 - 32% - 40% - 1:37
PK Forward
1 - 77% - 60% - 3:52
2 - 23% - 40% - 1:10
PK Defense
1 - 72% - 60% - 3:36
2 - 28% - 40% - 1:26
PK3 Forward
1 - 0% - 60%
2 - 0% - 40%
PK3 Defense
1 - 0% - 60%
2 - 0% - 40%
44 Forward
1 - 74% - 60% - 3:43
2 - 26% - 40% - 1:17
44 Defense
1 - 64% - 60% - 3:11
2 - 36% - 40% - 1:49
Last Minute Offensive - 0:11
Last Minute Defensive - 0:00
Total
Forward - 65:00
Defense - 65:00
|
Play-by-Play
1st period
0:01 of 1st period - Sidney Crosby wins face-off versus Nazem Kadri in neutral zone.
0:08 of 1st period - Snap shot by Sidney Crosby.
0:08 of 1st period - Stopped by Maxime Daigneault with a rebound.
0:38 of 1st period - Snap shot by Marek Svatos.
0:38 of 1st period - Shot Misses the Net.
1:14 of 1st period - Backhand shot by Brad Richardson.
1:14 of 1st period - Stopped by Jaroslav Halak with a rebound.
1:52 of 1st period - Wrist shot by Chris Stewart.
1:52 of 1st period - Stopped by Jaroslav Halak without a rebound.
1:53 of 1st period - Jamie Arniel wins face-off versus Maxim Lapierre in Senateurs zone.
2:32 of 1st period - Wrist shot by Jamie Benn.
2:32 of 1st period - Shot Hit the Post.
3:24 of 1st period - Slapshot by Maxim Lapierre.
3:24 of 1st period - Stopped by Maxime Daigneault without a rebound.
3:25 of 1st period - Nick Bonino wins face-off versus Maxim Lapierre in Devils zone.
3:25 of 1st period - Nick Bonino is hit by Colby Armstrong.
3:42 of 1st period - Brad Richardson is hit by Sergei Kostitsyn and loses puck.
3:52 of 1st period - Minor Penalty to Colby Armstrong for Hooking.
3:53 of 1st period - Nazem Kadri wins face-off versus Sidney Crosby in Senateurs zone.
4:06 of 1st period - Wrist shot by Tyler Ennis.
4:06 of 1st period - Shot Misses the Net.
4:08 of 1st period - Slapshot by Kristopher Letang.
4:08 of 1st period - Goal by Kristopher Letang - Devils : 1 - Senateurs : 0.
4:09 of 1st period - Nazem Kadri wins face-off versus Sidney Crosby in neutral zone.
4:25 of 1st period - Icing by Cody Franson.
4:26 of 1st period - Brad Richards wins face-off versus Sidney Crosby in Senateurs zone.
4:51 of 1st period - Snap shot by Phil Kessel.
4:51 of 1st period - Stopped by Maxime Daigneault with a rebound.
4:53 of 1st period - Slapshot by Cody Franson.
4:53 of 1st period - Shot Misses the Net.
4:57 of 1st period - Wrist shot by Derek Boogaard.
4:57 of 1st period - Stopped by Maxime Daigneault without a rebound.
4:58 of 1st period - Evgeni Malkin wins face-off versus Nazem Kadri in Devils zone.
5:04 of 1st period - Minor Penalty to Marian Gaborik for Tripping.
5:05 of 1st period - Sidney Crosby wins face-off versus Patrick Kaleta in Devils zone.
5:43 of 1st period - Patrick Kaleta is hit by Jamie Benn and loses puck.
6:06 of 1st period - Slapshot by Marek Svatos.
6:06 of 1st period - Goal by Marek Svatos - Devils : 1 - Senateurs : 1.
6:07 of 1st period - Sidney Crosby wins face-off versus Nazem Kadri in neutral zone.
6:34 of 1st period - Marek Svatos is hit by Kristopher Letang and loses puck.
7:18 of 1st period - Snap shot by Nick Bonino.
7:18 of 1st period - Shot Misses the Net.
7:20 of 1st period - Wrist shot by Brad Richardson.
7:20 of 1st period - Stopped by Jaroslav Halak with a rebound.
7:30 of 1st period - Minor Penalty to Stephane Da Costa for High sticking.
7:31 of 1st period - Nazem Kadri wins face-off versus Sidney Crosby in Senateurs zone.
7:34 of 1st period - Slapshot by Tyler Ennis.
7:34 of 1st period - Shot Misses the Net.
7:36 of 1st period - Slapshot by Michael Del Zotto.
7:36 of 1st period - Shot Blocked by Evgeni Malkin.
7:38 of 1st period - Snap shot by Nazem Kadri.
7:38 of 1st period - Stopped by Jaroslav Halak with a rebound.
8:07 of 1st period - Wrist shot by Tyler Ennis.
8:07 of 1st period - Goal by Tyler Ennis - Devils : 2 - Senateurs : 1.
8:08 of 1st period - Jamie Arniel wins face-off versus Evgeni Malkin in neutral zone.
8:13 of 1st period - Wrist shot by Zach Parise.
8:13 of 1st period - Stopped by Jaroslav Halak with a rebound.
8:25 of 1st period - Snap shot by Evgeni Malkin.
8:25 of 1st period - Stopped by Maxime Daigneault without a rebound.
8:26 of 1st period - Sidney Crosby wins face-off versus Nazem Kadri in Devils zone.
8:49 of 1st period - Minor Penalty to Thomas Hickey for Slashing.
8:50 of 1st period - Sidney Crosby wins face-off versus Martin Samuelsson in Devils zone.
9:34 of 1st period - Anton Stralman is hit by Derek Boogaard and loses puck.
10:49 of 1st period - Penalty to Thomas Hickey is over, Thomas Hickey is back on ice.
11:01 of 1st period - Arturs Kulda is hit by Michael Del Zotto and loses puck.
11:29 of 1st period - Icing by Colby Armstrong.
11:30 of 1st period - Nazem Kadri wins face-off versus Maxim Lapierre in Senateurs zone.
11:45 of 1st period - Wrist shot by Tyler Ennis.
11:45 of 1st period - Shot Misses the Net.
11:56 of 1st period - Off-side.
11:57 of 1st period - Sidney Crosby wins face-off versus Jamie Arniel in neutral zone.
12:32 of 1st period - Marek Svatos is hit by Marian Gaborik and loses puck.
12:53 of 1st period - Wrist shot by Matt Moulson.
12:53 of 1st period - Shot Misses the Net.
12:55 of 1st period - Wrist shot by Matt Moulson.
12:55 of 1st period - Goal by Matt Moulson - Devils : 2 - Senateurs : 2.
12:56 of 1st period - Jamie Arniel wins face-off versus Phil Kessel in neutral zone.
13:12 of 1st period - Wrist shot by Michael Del Zotto.
13:12 of 1st period - Stopped by Jaroslav Halak with a rebound.
13:22 of 1st period - Cody Franson is hit by Josh Gorges and loses puck.
13:31 of 1st period - Slapshot by Evgeni Malkin.
13:31 of 1st period - Shot Blocked by Josh Gorges.
13:37 of 1st period - Jamie Benn is hit by Nazem Kadri.
14:28 of 1st period - Slapshot by Matt Moulson.
14:28 of 1st period - Stopped by Maxime Daigneault with a rebound.
15:08 of 1st period - Snap shot by Patrick Kaleta.
15:08 of 1st period - Stopped by Jaroslav Halak without a rebound.
15:09 of 1st period - Sidney Crosby wins face-off versus Brad Richards in Senateurs zone.
15:40 of 1st period - Slapshot by Jamie Benn.
15:40 of 1st period - Shot Misses the Net.
15:42 of 1st period - Snap shot by Marek Svatos.
15:42 of 1st period - Shot Misses the Net.
15:44 of 1st period - Wrist shot by Marek Svatos.
15:44 of 1st period - Stopped by Maxime Daigneault without a rebound.
15:45 of 1st period - Evgeni Malkin wins face-off versus Nazem Kadri in Devils zone.
15:55 of 1st period - Off-side.
15:56 of 1st period - Sidney Crosby wins face-off versus Jamie Arniel in neutral zone.
16:12 of 1st period - Wrist shot by Zach Parise.
16:12 of 1st period - Stopped by Jaroslav Halak without a rebound.
16:13 of 1st period - Nazem Kadri wins face-off versus Evgeni Malkin in Senateurs zone.
17:04 of 1st period - Wrist shot by Tyler Ennis.
17:04 of 1st period - Shot Blocked by Dion Phaneuf.
17:06 of 1st period - Snap shot by Nazem Kadri.
17:06 of 1st period - Stopped by Jaroslav Halak without a rebound.
17:07 of 1st period - Jamie Arniel wins face-off versus Sidney Crosby in Senateurs zone.
17:24 of 1st period - Snap shot by Phil Kessel.
17:24 of 1st period - Stopped by Maxime Daigneault without a rebound.
17:25 of 1st period - Evgeni Malkin wins face-off versus Brad Richards in Devils zone.
17:50 of 1st period - Jamie Arniel is hit by Derek Boogaard.
18:00 of 1st period - Derek Boogaard is hit by Matt Donovan.
18:27 of 1st period - Wrist shot by Cody Franson.
18:27 of 1st period - Stopped by Maxime Daigneault with a rebound.
18:53 of 1st period - Snap shot by Patrick Kaleta.
18:53 of 1st period - Stopped by Jaroslav Halak without a rebound.
18:54 of 1st period - Jamie Arniel wins face-off versus Sidney Crosby in Senateurs zone.
19:28 of 1st period - Nate Prosser is hit by Nazem Kadri and loses puck.
Goals for this period are 2 for Devils vs 2 for Senateurs.
Shots for this period are 12 for Devils vs 11 for Senateurs.
2nd period
0:01 of 2nd period - Jamie Arniel wins face-off versus Sidney Crosby in neutral zone.
0:04 of 2nd period - Snap shot by Kristopher Letang.
0:04 of 2nd period - Deflect By Cody Franson.
0:04 of 2nd period - Stopped by Jaroslav Halak with a rebound.
0:06 of 2nd period - Snap shot by Chris Stewart.
0:06 of 2nd period - Shot Misses the Net.
0:08 of 2nd period - Slapshot by Anton Stralman.
0:08 of 2nd period - Shot Blocked by Dion Phaneuf.
0:14 of 2nd period - Wrist shot by Jamie Arniel.
0:14 of 2nd period - Shot Misses the Net.
0:16 of 2nd period - Slapshot by Anton Stralman.
0:16 of 2nd period - Stopped by Jaroslav Halak without a rebound.
0:17 of 2nd period - Nazem Kadri wins face-off versus Evgeni Malkin in Senateurs zone.
0:42 of 2nd period - Minor Penalty to Marek Svatos for Hooking.
0:43 of 2nd period - Nazem Kadri wins face-off versus Sidney Crosby in Senateurs zone.
1:20 of 2nd period - Wrist shot by Zach Parise.
1:20 of 2nd period - Stopped by Jaroslav Halak with a rebound.
1:51 of 2nd period - Snap shot by Jamie Benn.
1:51 of 2nd period - Stopped by Maxime Daigneault without a rebound.
1:52 of 2nd period - Sidney Crosby wins face-off versus Nazem Kadri in Devils zone.
2:03 of 2nd period - Slapshot by Zach Parise.
2:03 of 2nd period - Shot Blocked by Duncan Keith.
2:42 of 2nd period - Penalty to Marek Svatos is over, Marek Svatos is back on ice.
3:16 of 2nd period - Snap shot by Brad Richards.
3:16 of 2nd period - Deflect By Chris Stewart.
3:16 of 2nd period - Stopped by Jaroslav Halak without a rebound.
3:17 of 2nd period - Maxim Lapierre wins face-off versus Nazem Kadri in Senateurs zone.
3:30 of 2nd period - Snap shot by Maxim Lapierre.
3:30 of 2nd period - Stopped by Maxime Daigneault without a rebound.
3:31 of 2nd period - Maxim Lapierre wins face-off versus Nazem Kadri in Devils zone.
3:44 of 2nd period - Snap shot by Maxim Lapierre.
3:44 of 2nd period - Shot Misses the Net.
3:46 of 2nd period - Slapshot by Denis Grebeshkov.
3:46 of 2nd period - Stopped by Maxime Daigneault with a rebound.
4:51 of 2nd period - Slapshot by Anton Stralman.
4:51 of 2nd period - Deflect By Martin Samuelsson.
4:51 of 2nd period - Shot Blocked by Dion Phaneuf.
4:51 of 2nd period - Puck is out of play.
4:52 of 2nd period - Evgeni Malkin wins face-off versus Brad Richards in Senateurs zone.
4:57 of 2nd period - Patrick Kaleta is hit by Dion Phaneuf and loses puck.
5:12 of 2nd period - Thomas Hickey is hit by Derek Boogaard and loses puck.
5:45 of 2nd period - Wrist shot by Sergei Kostitsyn.
5:45 of 2nd period - Deflect By Colby Armstrong.
5:45 of 2nd period - Shot Misses the Net.
5:45 of 2nd period - Puck is out of play.
5:46 of 2nd period - Sidney Crosby wins face-off versus Brad Richards in Devils zone.
5:47 of 2nd period - Snap shot by Derek Boogaard.
5:47 of 2nd period - Shot Misses the Net.
6:11 of 2nd period - Phil Kessel is hit by Josh Gorges and loses puck.
6:40 of 2nd period - Chris Stewart is hit by Evgeni Malkin and loses puck.
7:03 of 2nd period - Cody Franson is hit by Nick Bonino and loses puck.
7:20 of 2nd period - Wrist shot by Patrick Kaleta.
7:20 of 2nd period - Shot Blocked by Brian McGrattan.
7:22 of 2nd period - Snap shot by Brad Richards.
7:22 of 2nd period - Stopped by Jaroslav Halak without a rebound.
7:23 of 2nd period - Evgeni Malkin wins face-off versus Patrick Kaleta in Senateurs zone.
8:04 of 2nd period - Marek Svatos is hit by Anton Stralman and loses puck.
9:13 of 2nd period - Snap shot by Patrick Kaleta.
9:13 of 2nd period - Stopped by Jaroslav Halak with a rebound.
9:15 of 2nd period - Snap shot by Brad Richards.
9:15 of 2nd period - Shot Misses the Net.
9:17 of 2nd period - Slapshot by Brad Richards.
9:17 of 2nd period - Goal by Brad Richards - Devils : 3 - Senateurs : 2.
9:18 of 2nd period - Jamie Arniel wins face-off versus Sidney Crosby in neutral zone.
9:35 of 2nd period - Backhand shot by Zach Parise.
9:35 of 2nd period - Stopped by Jaroslav Halak with a rebound.
9:51 of 2nd period - Snap shot by Nazem Kadri.
9:51 of 2nd period - Stopped by Jaroslav Halak without a rebound.
9:52 of 2nd period - Maxim Lapierre wins face-off versus Nazem Kadri in Senateurs zone.
10:05 of 2nd period - Slapshot by Colby Armstrong.
10:05 of 2nd period - Deflect By Sergei Kostitsyn.
10:05 of 2nd period - Stopped by Maxime Daigneault with a rebound.
10:17 of 2nd period - Arturs Kulda is hit by Jamie Arniel and loses puck.
11:01 of 2nd period - Backhand shot by Dion Phaneuf.
11:01 of 2nd period - Stopped by Maxime Daigneault with a rebound.
11:19 of 2nd period - Phil Kessel is hit by Chris Stewart and loses puck.
11:37 of 2nd period - Icing by Kristopher Letang.
11:38 of 2nd period - Nick Bonino wins face-off versus Maxim Lapierre in Devils zone.
12:28 of 2nd period - Wrist shot by Jamie Arniel.
12:28 of 2nd period - Shot Misses the Net.
12:30 of 2nd period - Snap shot by Zach Parise.
12:30 of 2nd period - Deflect By Jamie Arniel.
12:30 of 2nd period - Stopped by Jaroslav Halak with a rebound.
12:32 of 2nd period - Slapshot by Josh Gorges.
12:32 of 2nd period - Stopped by Jaroslav Halak with a rebound.
12:34 of 2nd period - Snap shot by Jamie Arniel.
12:34 of 2nd period - Shot Misses the Net.
12:36 of 2nd period - Slapshot by Josh Gorges.
12:36 of 2nd period - Stopped by Jaroslav Halak without a rebound.
12:37 of 2nd period - Zach Parise wins face-off versus Sidney Crosby in Senateurs zone.
13:02 of 2nd period - Marek Svatos is hit by Tyler Ennis and loses puck.
13:09 of 2nd period - Slapshot by Evgeni Malkin.
13:09 of 2nd period - Shot Misses the Net.
13:11 of 2nd period - Slapshot by Nate Prosser.
13:11 of 2nd period - Deflect By Marek Svatos.
13:11 of 2nd period - Stopped by Maxime Daigneault without a rebound.
13:12 of 2nd period - Sidney Crosby wins face-off versus Jamie Arniel in Devils zone.
13:13 of 2nd period - Slapshot by Phil Kessel.
13:13 of 2nd period - Shot Blocked by Jamie Arniel.
13:24 of 2nd period - Wrist shot by Zach Parise.
13:24 of 2nd period - Stopped by Jaroslav Halak without a rebound.
13:25 of 2nd period - Nazem Kadri wins face-off versus Sidney Crosby in Senateurs zone.
13:28 of 2nd period - Snap shot by Tyler Ennis.
13:28 of 2nd period - Stopped by Jaroslav Halak without a rebound.
13:29 of 2nd period - Sidney Crosby wins face-off versus Nazem Kadri in Senateurs zone.
13:42 of 2nd period - Slapshot by Phil Kessel.
13:42 of 2nd period - Shot Blocked by Michael Del Zotto.
13:44 of 2nd period - Snap shot by Derek Boogaard.
13:44 of 2nd period - Shot Misses the Net.
13:46 of 2nd period - Slapshot by Cody Franson.
13:46 of 2nd period - Stopped by Maxime Daigneault with a rebound.
15:01 of 2nd period - Snap shot by Tyler Ennis.
15:01 of 2nd period - Deflect By Derek Boogaard.
15:01 of 2nd period - Shot Misses the Net.
15:01 of 2nd period - Puck is out of play.
15:02 of 2nd period - Marian Gaborik wins face-off versus Sidney Crosby in Senateurs zone.
15:06 of 2nd period - Minor Penalty to Cody Franson for Interference.
15:07 of 2nd period - Sidney Crosby wins face-off versus Nazem Kadri in Senateurs zone.
15:41 of 2nd period - Off-side.
15:42 of 2nd period - Brad Richards wins face-off versus Phil Kessel in neutral zone.
16:19 of 2nd period - Snap shot by Michael Del Zotto.
16:19 of 2nd period - Deflect By Chris Stewart.
16:19 of 2nd period - Shot Misses the Net.
16:19 of 2nd period - Puck is out of play.
16:20 of 2nd period - Sidney Crosby wins face-off versus Nazem Kadri in Senateurs zone.
16:25 of 2nd period - Snap shot by Nazem Kadri.
16:25 of 2nd period - Shot Misses the Net.
16:27 of 2nd period - Snap shot by Tyler Ennis.
16:27 of 2nd period - Stopped by Jaroslav Halak with a rebound.
16:29 of 2nd period - Slapshot by Anton Stralman.
16:29 of 2nd period - Shot Misses the Net.
16:31 of 2nd period - Wrist shot by Nazem Kadri.
16:31 of 2nd period - Stopped by Jaroslav Halak without a rebound.
16:32 of 2nd period - Nazem Kadri wins face-off versus Sidney Crosby in Senateurs zone.
17:05 of 2nd period - Sidney Crosby is hit by Chris Stewart.
17:06 of 2nd period - Penalty to Cody Franson is over, Cody Franson is back on ice.
17:24 of 2nd period - Icing by Evgeni Malkin.
17:25 of 2nd period - Maxim Lapierre wins face-off versus Nick Bonino in Senateurs zone.
17:31 of 2nd period - Icing by Maxim Lapierre.
17:32 of 2nd period - Nazem Kadri wins face-off versus Maxim Lapierre in Senateurs zone.
17:47 of 2nd period - Wrist shot by Colby Armstrong.
17:47 of 2nd period - Shot Misses the Net.
18:33 of 2nd period - Icing by Kristopher Letang.
18:34 of 2nd period - Evgeni Malkin wins face-off versus Brad Richards in Devils zone.
19:11 of 2nd period - Snap shot by Phil Kessel.
19:11 of 2nd period - Shot Misses the Net.
19:33 of 2nd period - Snap shot by Jamie Arniel.
19:33 of 2nd period - Shot Blocked by Dion Phaneuf.
19:47 of 2nd period - Nick Bonino is hit by Matt Moulson and loses puck.
Goals for this period are 1 for Devils vs 0 for Senateurs.
Shots for this period are 16 for Devils vs 7 for Senateurs.
3rd period
0:01 of 3rd period - Nazem Kadri wins face-off versus Phil Kessel in neutral zone.
0:26 of 3rd period - Jamie Arniel is hit by Evgeni Malkin and loses puck.
0:53 of 3rd period - Slapshot by Sergei Kostitsyn.
0:53 of 3rd period - Stopped by Maxime Daigneault with a rebound.
1:01 of 3rd period - Slapshot by Brad Richardson.
1:01 of 3rd period - Stopped by Jaroslav Halak with a rebound.
1:11 of 3rd period - Michael Del Zotto is hit by Brian McGrattan and loses puck.
1:27 of 3rd period - Icing by Brian McGrattan.
1:28 of 3rd period - Matt Moulson wins face-off versus Nazem Kadri in Senateurs zone.
1:35 of 3rd period - Slapshot by Tyler Ennis.
1:35 of 3rd period - Shot Blocked by Nate Prosser.
1:37 of 3rd period - Slapshot by Thomas Hickey.
1:37 of 3rd period - Stopped by Jaroslav Halak without a rebound.
1:38 of 3rd period - Nazem Kadri wins face-off versus Sidney Crosby in Senateurs zone.
1:51 of 3rd period - Wrist shot by Sidney Crosby.
1:51 of 3rd period - Shot Misses the Net.
1:53 of 3rd period - Minor Penalty to Thomas Hickey for Hooking.
1:54 of 3rd period - Sidney Crosby wins face-off versus Martin Samuelsson in Devils zone.
3:09 of 3rd period - Icing by Evgeni Malkin.
3:10 of 3rd period - Evgeni Malkin wins face-off versus Jamie Arniel in Senateurs zone.
3:53 of 3rd period - Penalty to Thomas Hickey is over, Thomas Hickey is back on ice.
4:07 of 3rd period - Matt Donovan is hit by Duncan Keith and loses puck.
4:16 of 3rd period - Icing by Thomas Hickey.
4:17 of 3rd period - Evgeni Malkin wins face-off versus Jamie Arniel in Devils zone.
5:11 of 3rd period - Snap shot by Thomas Hickey.
5:11 of 3rd period - Stopped by Jaroslav Halak without a rebound.
5:12 of 3rd period - Sidney Crosby wins face-off versus Nazem Kadri in Senateurs zone.
5:29 of 3rd period - Off-side.
5:30 of 3rd period - Nick Bonino wins face-off versus Maxim Lapierre in neutral zone.
6:00 of 3rd period - Slapshot by Anton Stralman.
6:00 of 3rd period - Stopped by Jaroslav Halak with a rebound.
6:02 of 3rd period - Slapshot by Kristopher Letang.
6:02 of 3rd period - Stopped by Jaroslav Halak without a rebound.
6:03 of 3rd period - Sidney Crosby wins face-off versus Nazem Kadri in Senateurs zone.
6:10 of 3rd period - Slapshot by Dion Phaneuf.
6:10 of 3rd period - Shot Misses the Net.
6:12 of 3rd period - Slapshot by Dion Phaneuf.
6:12 of 3rd period - Stopped by Maxime Daigneault without a rebound.
6:13 of 3rd period - Sidney Crosby wins face-off versus Nazem Kadri in Devils zone.
6:24 of 3rd period - Snap shot by Phil Kessel.
6:24 of 3rd period - Deflect By Derek Boogaard.
6:24 of 3rd period - Stopped by Maxime Daigneault with a rebound.
6:36 of 3rd period - Snap shot by Phil Kessel.
6:36 of 3rd period - Shot Misses the Net.
6:38 of 3rd period - Snap shot by Sidney Crosby.
6:38 of 3rd period - Stopped by Maxime Daigneault without a rebound.
6:39 of 3rd period - Chris Stewart wins face-off versus Jamie Benn in Devils zone.
7:07 of 3rd period - Off-side.
7:08 of 3rd period - Brad Richards wins face-off versus Maxim Lapierre in neutral zone.
7:11 of 3rd period - Sergei Kostitsyn is hit by Brad Richards and loses puck.
7:42 of 3rd period - Patrick Kaleta is hit by Maxim Lapierre and loses puck.
7:47 of 3rd period - Wrist shot by Sergei Kostitsyn.
7:47 of 3rd period - Stopped by Maxime Daigneault with a rebound.
7:57 of 3rd period - Slapshot by Colby Armstrong.
7:57 of 3rd period - Deflect By Sergei Kostitsyn.
7:57 of 3rd period - Stopped by Maxime Daigneault with a rebound.
7:59 of 3rd period - Slapshot by Cody Franson.
7:59 of 3rd period - Shot Misses the Net.
8:01 of 3rd period - Snap shot by Maxim Lapierre.
8:01 of 3rd period - Stopped by Maxime Daigneault without a rebound.
8:02 of 3rd period - Sidney Crosby wins face-off versus Nazem Kadri in Devils zone.
8:05 of 3rd period - Wrist shot by Derek Boogaard.
8:05 of 3rd period - Shot Misses the Net.
9:28 of 3rd period - Off-side.
9:29 of 3rd period - Evgeni Malkin wins face-off versus Brad Richards in neutral zone.
9:39 of 3rd period - Off-side.
9:40 of 3rd period - Sidney Crosby wins face-off versus Nazem Kadri in neutral zone.
10:47 of 3rd period - Minor Penalty to Duncan Keith for Hooking.
10:48 of 3rd period - Sidney Crosby wins face-off versus Nazem Kadri in Senateurs zone.
10:58 of 3rd period - Slapshot by Michael Del Zotto.
10:58 of 3rd period - Goal by Michael Del Zotto - Devils : 4 - Senateurs : 2.
10:59 of 3rd period - Nazem Kadri wins face-off versus Sidney Crosby in neutral zone.
11:02 of 3rd period - Dion Phaneuf is hit by Tyler Ennis and loses puck.
11:07 of 3rd period - Wrist shot by Tyler Ennis.
11:07 of 3rd period - Stopped by Jaroslav Halak without a rebound.
11:08 of 3rd period - Nazem Kadri wins face-off versus Sidney Crosby in Senateurs zone.
11:16 of 3rd period - Off-side.
11:17 of 3rd period - Sidney Crosby wins face-off versus Nazem Kadri in neutral zone.
11:24 of 3rd period - Wrist shot by Marian Gaborik.
11:24 of 3rd period - Shot Blocked by Derek Boogaard.
11:26 of 3rd period - Wrist shot by Marian Gaborik.
11:26 of 3rd period - Shot Misses the Net.
12:13 of 3rd period - Wrist shot by Jamie Benn.
12:13 of 3rd period - Stopped by Maxime Daigneault with a rebound.
12:59 of 3rd period - Wrist shot by Sergei Kostitsyn.
12:59 of 3rd period - Shot Misses the Net.
14:06 of 3rd period - Kristopher Letang is hit by Dion Phaneuf and loses puck.
14:17 of 3rd period - Eric Tangradi is hit by Matt Moulson and loses puck.
14:59 of 3rd period - Snap shot by Sidney Crosby.
14:59 of 3rd period - Stopped by Maxime Daigneault with a rebound.
15:01 of 3rd period - Wrist shot by Phil Kessel.
15:01 of 3rd period - Stopped by Maxime Daigneault with a rebound.
15:11 of 3rd period - Snap shot by Sergei Kostitsyn.
15:11 of 3rd period - Stopped by Maxime Daigneault with a rebound.
15:13 of 3rd period - Snap shot by Denis Grebeshkov.
15:13 of 3rd period - Goal by Denis Grebeshkov - Devils : 4 - Senateurs : 3.
15:14 of 3rd period - Sidney Crosby wins face-off versus Brad Richards in neutral zone.
15:28 of 3rd period - Snap shot by Patrick Kaleta.
15:28 of 3rd period - Stopped by Jaroslav Halak without a rebound.
15:29 of 3rd period - Nazem Kadri wins face-off versus Sidney Crosby in Senateurs zone.
15:30 of 3rd period - Snap shot by Tyler Ennis.
15:30 of 3rd period - Shot Blocked by Phil Kessel.
15:38 of 3rd period - Snap shot by Phil Kessel.
15:38 of 3rd period - Shot Blocked by Thomas Hickey.
16:18 of 3rd period - Off-side.
16:19 of 3rd period - Brad Richards wins face-off versus Sidney Crosby in neutral zone.
16:44 of 3rd period - Tyler Ennis is hit by Dion Phaneuf and loses puck.
17:20 of 3rd period - Slapshot by Chris Stewart.
17:20 of 3rd period - Stopped by Jaroslav Halak without a rebound.
17:21 of 3rd period - Brad Richards wins face-off versus Sidney Crosby in Senateurs zone.
18:01 of 3rd period - Wrist shot by Marian Gaborik.
18:01 of 3rd period - Shot Misses the Net.
18:56 of 3rd period - Senateurs, Jaroslav Halak is pulled from the net.
19:00 of 3rd period - Snap shot by Phil Kessel.
19:00 of 3rd period - Goal by Phil Kessel - Devils : 4 - Senateurs : 4.
19:00 of 3rd period - Jaroslav Halak from Senateurs was sent back in the game.
19:01 of 3rd period - Brad Richards wins face-off versus Maxim Lapierre in neutral zone.
19:10 of 3rd period - Slapshot by Dion Phaneuf.
19:10 of 3rd period - Shot Misses the Net.
19:55 of 3rd period - Wrist shot by Jamie Benn.
19:55 of 3rd period - Shot Misses the Net.
Goals for this period are 1 for Devils vs 2 for Senateurs.
Shots for this period are 9 for Devils vs 13 for Senateurs.
Overtime #1
0:01 of 1st overtime period - Sidney Crosby wins face-off versus Nazem Kadri in neutral zone.
0:08 of 1st overtime period - Slapshot by Evgeni Malkin.
0:08 of 1st overtime period - Deflect By Sidney Crosby.
0:08 of 1st overtime period - Stopped by Maxime Daigneault without a rebound.
0:09 of 1st overtime period - Sidney Crosby wins face-off versus Tyler Ennis in Devils zone.
0:36 of 1st overtime period - Backhand shot by Tyler Ennis.
0:36 of 1st overtime period - Stopped by Jaroslav Halak without a rebound.
0:37 of 1st overtime period - Nazem Kadri wins face-off versus Sidney Crosby in Senateurs zone.
1:09 of 1st overtime period - Snap shot by Dion Phaneuf.
1:09 of 1st overtime period - Stopped by Maxime Daigneault without a rebound.
1:10 of 1st overtime period - Nazem Kadri wins face-off versus Sidney Crosby in Devils zone.
1:18 of 1st overtime period - Icing by Evgeni Malkin.
1:19 of 1st overtime period - Sidney Crosby wins face-off versus Nazem Kadri in Senateurs zone.
3:18 of 1st overtime period - Evgeni Malkin is hit by Martin Samuelsson and loses puck.
3:28 of 1st overtime period - Icing by Michael Del Zotto.
3:29 of 1st overtime period - Nazem Kadri wins face-off versus Phil Kessel in Devils zone.
4:11 of 1st overtime period - Michael Del Zotto is hit by Sidney Crosby.
4:23 of 1st overtime period - Tyler Ennis is hit by Maxim Lapierre and loses puck.
Goals for this period are 0 for Devils vs 0 for Senateurs.
Shots for this period are 1 for Devils vs 2 for Senateurs.
ShootOut
5:00 of 1st overtime period - Round #1.
5:00 of 1st overtime period - Devils, Marian Gaborik.
5:00 of 1st overtime period - Wrist shot by Marian Gaborik.
5:00 of 1st overtime period - Goal by Marian Gaborik.
5:00 of 1st overtime period - Senateurs, Sidney Crosby.
5:00 of 1st overtime period - Wrist shot by Sidney Crosby.
5:00 of 1st overtime period - Stopped by Maxime Daigneault.
5:00 of 1st overtime period - Round #2.
5:00 of 1st overtime period - Devils, Tyler Ennis.
5:00 of 1st overtime period - Backhand shot by Tyler Ennis.
5:00 of 1st overtime period - Goal by Tyler Ennis.
5:00 of 1st overtime period - Senateurs, Evgeni Malkin.
5:00 of 1st overtime period - Deke by Evgeni Malkin.
5:00 of 1st overtime period - Stopped by Maxime Daigneault.
5:00 of 1st overtime period - Round #3.